 Dungeon Crawl Stone Soup version 0.21.1-1-g345015f (webtiles) character file.

69 tidbits the Stinger (level 4, 0/32 HPs)
             Began as a Gnoll Venom Mage on Feb 10, 2018.
             Was an Initiate of Cheibriados.
             Splashed by a jelly's acid (3 damage)
             ... on level 5 of the Dungeon.
             The game lasted 00:05:48 (546 turns).

tidbits the Stinger (Gnoll Venom Mage)               Turns: 546, Time: 00:05:49

Health: 0/32       AC:  3    Str: 12    XL:     4   Next: 20%
Magic:  9/11       EV: 15    Int: 19    God:    Cheibriados [......]
Gold:   8          SH:  0    Dex: 16    Spells: 10/13 levels left

rFire    . . .     SeeInvis .   e - +0 whip
rCold    . . .     Gourm    .   (no shield)
rNeg     . . .     Faith    .   B - +0 robe
rPois    .         Spirit   .   (no helmet)
rElec    .         Reflect  .   (no cloak)
rCorr    .         Harm     .   G - +0 pair of gloves
MR       .....                  (no boots)
Stlth    +++.......             (no amulet)
HPRegen  0.10/turn              (no ring)
MPRegen  0.12/turn              (no ring)

@: slow
A: distributed training, fangs 1, strong nose
a: Bend Time, Renounce Religion


You were on level 5 of the Dungeon.
You worshipped Cheibriados.
Cheibriados was noncommittal.
You were not hungry.

You visited 1 branch of the dungeon, and saw 5 of its levels.

You collected 52 gold pieces.
You spent 44 gold pieces at shops.

Inventory:

Hand Weapons
 e - a +0 whip (weapon)
 i - a -1 short sword
Missiles
 a - 18 arrows
 j - 4 tomahawks (quivered)
Armour
 B - a +0 robe (worn)
 G - a +0 pair of gloves (worn)
Scrolls
 d - 2 scrolls of amnesia
 f - 2 scrolls of fog
 g - a scroll of identify
 k - a scroll of fear
Books
 b - a Young Poisoner's Handbook

   Spells                             Type                      Level
   a - Sting                          Conjuration/Poison           1
   b - Poisonous Vapours              Poison/Air                   2
   c - Mephitic Cloud                 Conjuration/Poison/Air       3
   d - Olgreb's Toxic Radiance        Poison                       4
   e - Venom Bolt                     Conjuration/Poison           5
Comestibles
 c - 3 rations


   Skills:
 + Level 1.0 Fighting
 + Level 1.0 Short Blades
 + Level 1.0 Long Blades
 + Level 1.0 Axes
 + Level 1.0 Maces & Flails
 + Level 1.0 Polearms
 + Level 1.0 Staves
 + Level 1.0 Slings
 + Level 1.0 Bows
 + Level 1.0 Crossbows
 + Level 1.0 Throwing
 + Level 1.0 Armour
 + Level 4.6 Dodging
 + Level 4.2 Stealth
 + Level 1.0 Shields
 + Level 1.0 Unarmed Combat
 + Level 5.0 Spellcasting
 + Level 2.2 Conjurations
 + Level 0.8 Hexes
 + Level 0.8 Charms
 + Level 0.8 Summonings
 + Level 0.8 Necromancy
 + Level 0.8 Translocations
 + Level 0.8 Transmutations
 + Level 0.8 Fire Magic
 + Level 0.8 Ice Magic
 + Level 0.8 Air Magic
 + Level 0.8 Earth Magic
 + Level 5.4 Poison Magic
 + Level 1.1 Invocations
 + Level 1.0 Evocations


You had 10 spell levels left.
You knew the following spells:

 Your Spells              Type           Power        Failure   Level  Hunger
a - Sting                 Conj/Pois      ###.         2%          1    None
o - Poisonous Vapours     Pois/Air       ###...       4%          2    #......


Dungeon Overview and Level Annotations

Branches:
Dungeon (5/15)
 Temple: D:4-7

Altars:
Ashenzari
Cheibriados
Uskayaw
Yredelemnul
The Shining One

Shops:
D:5 ?


Innate Abilities, Weirdness & Mutations

Your experience applies equally to all skills.
You have very sharp teeth.
Your uncanny sense of smell can sniff out nearby items.


Message History

Your Maces & Flails skill increases to level 1!
Your Polearms skill increases to level 1!
Your Staves skill increases to level 1!
Your Slings skill increases to level 1!
Your Bows skill increases to level 1!
Your Crossbows skill increases to level 1!
Your Throwing skill increases to level 1!
Your Armour skill increases to level 1!
Your Shields skill increases to level 1!
Your Unarmed Combat skill increases to level 1!
Your Evocations skill increases to level 1!
You have reached level 4!
You feel stronger.
Found a stone staircase leading down.
There is a stone staircase leading down here.
You climb downwards.
Found Ponietit's Magic Scroll Shoppe.
There is a stone staircase leading up here.
Unknown command.
Found 18 arrows.
There is an entrance to Ponietit's Magic Scroll Shoppe here.
g - 3 scrolls of identify (gained 1);
f - 2 scrolls of fog (gained 1) Thank you for shopping at Ponietit's Magic Scroll Shoppe!
You can access your shopping list by pressing '$'.
As you read the scroll of identify, it crumbles to dust.
k - a scroll of fear
As you read the scroll of identify, it crumbles to dust.
l - a scroll of remove curse Wear which item? (? for menu, Esc to quit)
You start putting on your armour.
You continue putting on your pair of gloves. x4
You finish putting on your +0 pair of gloves.
Adjust (i)tems, (s)pells, or (a)bilities?
Adjust which item? (? for menu, Esc to quit)
l - a scroll of remove curse Adjust to which letter? (? for menu, Esc to quit)
r - a scroll of remove curse Adjust (i)tems, (s)pells, or (a)bilities?
Adjust which item? (? for menu, Esc to quit)
h - a +0 pair of gloves (worn)
Adjust to which letter? (? for menu, Esc to quit)
G - a +0 pair of gloves (worn)
Adjust (i)tems, (s)pells, or (a)bilities?
Adjust which item? (? for menu, Esc to quit)
a - a +0 robe (worn)
Adjust to which letter? (? for menu, Esc to quit)
B - a +0 robe (worn)
Adjust (i)tems, (s)pells, or (a)bilities?
Adjust which item? (? for menu, Esc to quit)
Okay, then.
Wield which item (- for none, * to show all)? (? for menu, Esc to quit)
It sticks to your hand!
i - a cursed -1 short sword (weapon)
As you read the scroll of remove curse, it crumbles to dust.
You feel as if something is helping you.
You see here 18 arrows.
a - 18 arrows An orc skeleton comes into view.
You hear a distant slurping noise.
A jelly comes into view.
Casting: Sting
Confirm with . or Enter, or press ? or * to list all spells.
Aiming: Poisonous Vapours
Press: ? - help, Dir - move target cursor, f - orc skeleton
Aim: an orc skeleton
Okay, then.
Unknown command.
Wield which item (- for none, * to show all)? (? for menu, Esc to quit)
Okay, then.
Wield which item (- for none, * to show all)? (? for menu, Esc to quit)
e - a +0 whip (weapon)
The jelly quivers.
You hit the orc skeleton.
You bite the orc skeleton, but do no damage.
The orc skeleton is lightly damaged.
The orc skeleton completely misses you.
You hit the orc skeleton.
The orc skeleton is severely damaged.
The orc skeleton closely misses you.
You barely miss the orc skeleton.
The orc skeleton is severely damaged.
The orc skeleton completely misses you.
You hit the orc skeleton.
You destroy the orc skeleton!
Cheibriados appreciates the change of pace.
Casting: Poisonous Vapours
Confirm with . or Enter, or press ? or * to list all spells.
Aiming: Sting
Press: ? - help, Shift-Dir - straight line, f - jelly
Aim: a jelly The sting hits the jelly.
The jelly is lightly wounded.
You hit the jelly.
Your hands burn!
* * * LOW HITPOINT WARNING * * *
The jelly is moderately wounded.
The jelly hits you.
* * * LOW HITPOINT WARNING * * *
You are splashed with acid!
The acid burns!
* * * LOW HITPOINT WARNING * * *
You hit the jelly.
Your hands burn!
You die...

#...........#
#...........#
#∩.....<....#
#...........#
#+####....####### #
#...##....###..##.#
...................#
...................#
...........J@......+
.....###....###....#
.....###....### ...#
###...........# .
##...........#
#............#
##...........#
+....##.....##
..#... #######


You could see a jelly.

Vanquished Creatures
  An iguana (D:4)
  An adder (D:3)
  A dart slug (D:1)
  2 ball pythons (D:3)
  A giant cockroach (D:1)
  A goblin (D:1)
  5 hobgoblins
  A quokka (D:3)
  5 bats
  4 frilled lizards
  6 kobolds
  An orc skeleton (D:5)
  4 rats
33 creatures vanquished.

Vanquished Creatures (others)
  9 toadstools (D:3)
9 creatures vanquished.

Grand Total: 42 creatures vanquished

Notes
Turn   | Place    | Note
-------+----------+-------------------------------------------
     0 | D:1      | tidbits the Gnoll Venom Mage began the quest for the Orb.
     0 | D:1      | Reached XP level 1. HP: 13/13 MP: 6/6
    82 | D:1      | Reached skill level 2 in Conjurations
    82 | D:1      | Reached XP level 2. HP: 15/19 MP: 0/7
    86 | D:1      | Learned a level 2 spell: Poisonous Vapours
   116 | D:1      | HP: 1/19 [goblin (3)]
   307 | D:2      | Found a hide-covered altar of Uskayaw.
   338 | D:2      | Reached XP level 3. HP: 15/25 MP: 2/9
   375 | D:3      | Reached skill level 5 in Spellcasting
   425 | D:3      | Reached skill level 1 in Invocations
   439 | D:2      | Found a basalt altar of Yredelemnul.
   439 | D:2      | Found a shattered altar of Ashenzari.
   439 | D:2      | Found a glowing golden altar of the Shining One.
   442 | D:2      | Found a snail-covered altar of Cheibriados.
   450 | D:2      | Became a worshipper of Cheibriados the Contemplative
   493 | D:4      | Reached skill level 1 in Fighting
   493 | D:4      | Reached skill level 1 in Short Blades
   493 | D:4      | Reached skill level 1 in Long Blades
   493 | D:4      | Reached skill level 1 in Axes
   493 | D:4      | Reached skill level 1 in Maces & Flails
   493 | D:4      | Reached skill level 1 in Polearms
   493 | D:4      | Reached skill level 1 in Staves
   493 | D:4      | Reached skill level 1 in Slings
   493 | D:4      | Reached skill level 1 in Bows
   493 | D:4      | Reached skill level 1 in Crossbows
   493 | D:4      | Reached skill level 1 in Throwing
   493 | D:4      | Reached skill level 1 in Armour
   493 | D:4      | Reached skill level 1 in Shields
   493 | D:4      | Reached skill level 1 in Unarmed Combat
   493 | D:4      | Reached skill level 1 in Evocations
   493 | D:4      | Reached XP level 4. HP: 11/32 MP: 3/11
   501 | D:5      | Entered Level 5 of the Dungeon
   501 | D:5      | Found Ponietit's Magic Scroll Shoppe.
   508 | D:5      | Bought a scroll of identify for 22 gold pieces
   508 | D:5      | Bought a scroll of fog for 22 gold pieces
   545 | D:5      | HP: 3/32 [acid (9)]
   546 | D:5      | Splashed by a jelly's acid

Skill      XL: |  1  2  3 |
---------------+----------+-----
Conjurations   | 2 |  2.2
Spellcasting   | 5 |  5.0
Invocations    | 1 |  1.1
Fighting       | 1 |  1.0
Short Blades   | 1 |  1.0
Long Blades    | 1 |  1.0
Axes           | 1 |  1.0
Maces & Flails | 1 |  1.0
Polearms       | 1 |  1.0
Staves         | 1 |  1.0
Slings         | 1 |  1.0
Bows           | 1 |  1.0
Crossbows      | 1 |  1.0
Throwing       | 1 |  1.0
Armour         | 1 |  1.0
Shields        | 1 |  1.0
Unarmed Combat | 1 |  1.0
Evocations     | 1 |  1.0
Dodging        | |  4.6
Stealth        | |  4.2
Hexes          | |  0.8
Charms         | |  0.8
Summonings     | |  0.8
Necromancy     | |  0.8
Translocations | |  0.8
Transmutations | |  0.8
Fire Magic     | |  0.8
Ice Magic      | |  0.8
Air Magic      | |  0.8
Earth Magic    | |  0.8
Poison Magic   | |  5.4

Action                   |  1- 3 |  4- 6 || total
-------------------------+-------+-------++-------
Melee: Unarmed           |    12 |       ||    12
       Bite              |     4 |     1 ||     5
       Whip              |    22 |     6 ||    28
 Cast: Sting             |    40 |     2 ||    42
       Poisonous Vapours |     5 |       ||     5
  Use: Scroll            |     1 |     3 ||     4
 Stab: Sleeping          |     2 |       ||     2
Armor: Robe              |     6 |       ||     6
Dodge: Dodged            |    34 |     3 ||    37

Table legend:
 A = Turns spent in this place as a percentage of turns spent in the entire game.
 B = Non-inter-level travel turns spent in this place as a percentage of non-inter-level travel turns spent in the entire game.
 C = Inter-level travel turns spent in this place as a percentage of turns spent in this place.
 D = Turns resting spent in this place as a percentage of non-inter-level travel turns spent in this place.
 E = Turns spent auto-exploring this place as a percentage of non-inter-level travel turns spent in this place.
 F = Non-inter-level travel turns spent in this place divided by the number of levels of this place that you've seen.
                   A       B       C       D       E      F
               +-------+-------+-------+-------+-------+----------------------
         Total | 100.0 | 100.0 |   0.0 |   0.0 |   0.0 | 109.2
       Dungeon | 100.0 | 100.0 |   0.0 |   0.0 |   0.0 | 109.2
               +-------+-------+-------+-------+-------+----------------------

Table legend:
 A = Kills in this place as a percentage of kills in entire the game.
 B = Kills by you in this place as a percentage of kills by you in the entire game.
 C = Kills by friends in this place as a percentage of kills by friends in the entire game.
 D = Other kills in this place as a percentage of other kills in the entire game.
 E = Experience gained in this place as a percentage of experience gained in the entire game.
 F = Experience gained in this place divided by the number of levels of this place that you have seen.
                   A       B       C       D       E      F
               +-------+-------+-------+-------+-------+----------------------
         Total | 100.0 | 100.0 |   N/A |   N/A | 100.0 |  19.8
       Dungeon | 100.0 | 100.0 |   N/A |   N/A | 100.0 |  19.8
               +-------+-------+-------+-------+-------+----------------------

Vault maps used:
D:1:      saegor_arrival_simple_e
D:2:      nicolae_overflow_hidden_temple, doesnt_xom_only_xom
D:3:      cheibrodos_fertilizer
D:5:      kennysheep_mini_moat, nicolae_overflow_crystal_walls, first_ration,
          serial_shops, shop, nicolae_tso_besieged_by_evil
